 Dungeon Crawl Stone Soup version 0.27.1-33-g824d729ab1 (webtiles) character file.

Game seed: 6093259689688034830

102 SensoryNuts the Slasher (level 4, -18/37 HPs)
             Began as a Draconian Gladiator on Dec 7, 2021.
             Killed from afar by Pikel (20 damage)
             ... with an iceblast
             ... on level 5 of the Dungeon.
             The game lasted 00:03:00 (2162 turns).

SensoryNuts the Slasher (Draconian Gladiator)       Turns: 2162, Time: 00:03:01

Health: -18/37     AC:  6    Str: 17    XL:     4   Next: 49%
Magic:  4/4        EV: 12    Int:  9    God:
Gold:   235        SH:  0    Dex: 12    Spells: 3/3 levels left

rFire    . . .     SeeInvis .   g - +0 trident (flame)
rCold    . . .     Faith    +   (no shield)
rNeg     . . .     Spirit   .   (armour unavailable)
rPois    .         Reflect  .   b - +1 hat
rElec    .         Harm     .   (no cloak)
rCorr    .         Rampage  .   (no gloves)
Will     .....                  (no boots)
Stlth    +.........             i - amulet of faith
HPRegen  0.12/turn              (no ring)
MPRegen  0.09/turn              (no ring)

@: no status effects
A: AC +5, unfitting armour, cold-blooded
a: no special abilities


You were on level 5 of the Dungeon.
You visited 1 branch of the dungeon, and saw 4 of its levels.

You collected 235 gold pieces.

Inventory:

Hand Weapons
 a - a +0 long sword
 g - a +0 trident of flaming (weapon)
Missiles
 c - 3 throwing nets (quivered)
Armour
 b - a +1 hat (worn)
Jewellery
 i - an amulet of faith (around neck)
Scrolls
 e - a scroll of enchant armour
 f - a scroll of acquirement {unknown}
 j - a scroll of identify {unknown}
Potions
 d - a potion of curing


   Skills:
 + Level 2.9 Fighting
 + Level 4.1 Long Blades
 + Level 0.1 Polearms
 + Level 2.0 Throwing
 + Level 3.3 Dodging
 + Level 0.8 Stealth


You had 3 spell levels left.
You didn't know any spells.
Your spell library contained the following spells:

 Spells                   Type           Power      Damage    Failure   Level
 Magic Dart               Conj           0%         1d3       38%         1
 Call Imp                 Summ           0%         N/A       52%         2
 Mephitic Cloud           Conj/Pois/Air  0%         N/A       77%         3


Dungeon Overview and Level Annotations

Branches:
Dungeon (3/15)

Altars:

Shops:
D:3 ?!

Annotations:
D:5 Pikel


Innate Abilities, Weirdness & Mutations

Your plain brown scales are hard. (AC +5)
You cannot fit into any form of body armour.
You are cold-blooded and may be slowed by cold attacks.


Message History

The lemure is almost dead.
The lemure hits you but does no damage.
A lemure is nearby!
A lemure is nearby!
You closely miss the lemure.
The lemure is almost dead.
The lemure hits you. x2
* * * LOW HITPOINT WARNING * * *
You hit the lemure. You burn the lemure.
You kill the lemure!
That felt strangely unrewarding.
It was a potion of might.
You feel very mighty all of a sudden.
You start putting on your amulet.
You continue putting on your amulet of faith. x5
You finish putting on your amulet of faith.
You feel a strange surge of divine interest.
i - an amulet of faith (around neck)
A lemure is nearby!
A lemure is nearby!
A lemure is nearby!
You are too injured to fight recklessly!
You are too injured to fight recklessly!
Found 8 gold pieces.
Found 14 gold pieces.
You now have 235 gold pieces (gained 8).
You feel a little less mighty now.
You see here a +0 quarterstaff.
Pikel the Slaver comes into view.
He is wielding a +1 whip of flaming, wearing a +1 robe of willpower and carrying a wand of iceblast (7).
Pikel is nearby!
Pikel is nearby!
A lemure comes into view.
The lemure shouts!
Pikel shouts!
Pikel zaps a wand.
The mass of ice explodes!
The iceblast engulfs you!
* * * LOW HITPOINT WARNING * * *
The lemure moves out of view.
You hear a shout! x2
Pikel zaps a wand.
The mass of ice explodes!
The iceblast engulfs you!!
Ouch! That really hurt!
You die...

##.............
#........##...
#......K#.# .
##.....#.#.#
#..)..##.#.5
#....#.##....
#...#.#.$.. .
#...##......
#.@#.......
#..........
#..#.##..##
#.#.... ## #.
.#### #. ## #.
#.


You could see Pikel.

Vanquished Creatures
  A lemure (D:5)
  A gnoll (D:1)
  5 adders
  3 dart slugs
  2 endoplasms
  2 giant cockroaches
  6 hobgoblins
  2 quokkas
  6 ball pythons
  2 bats
  5 frilled lizards
  3 goblins
  3 kobolds (D:2)
  6 rats
47 creatures vanquished.

Vanquished Creatures (others)
  A palentonga (D:1)
  A vine stalker (D:1)
  A troll (D:1)
  2 merfolk (D:1)
  A formicid (D:1)
  A vampire (D:1)
  2 humans (D:1)
  A demonspawn (D:1)
  A naga (D:1)
  A demigod (D:1)
  An ogre (D:1)
  2 felids (D:1)
  4 tentacles (D:1)
19 creatures vanquished.

Grand Total: 66 creatures vanquished

Notes
Turn   | Place    | Note
-------+----------+-------------------------------------------
     0 | D:1      | SensoryNuts the Draconian Gladiator began the quest for the
                  | Orb.
     0 | D:1      | Reached XP level 1. HP: 17/17 MP: 1/1
     2 | D:1      | Noticed a felid
     2 | D:1      | Noticed a demonspawn
     2 | D:1      | Noticed a vampire
     2 | D:1      | Noticed a merfolk
     2 | D:1      | Noticed an ogre
     2 | D:1      | Noticed a human
     2 | D:1      | Noticed a kraken
     2 | D:1      | Noticed a palentonga
     2 | D:1      | Noticed a human
     2 | D:1      | Noticed a formicid
     2 | D:1      | Noticed a vine stalker
     2 | D:1      | Noticed a demigod
     2 | D:1      | Noticed a merfolk
     2 | D:1      | Noticed a felid
     2 | D:1      | Noticed a naga
     2 | D:1      | Noticed a troll
     5 | D:1      | Killed a vine stalker
     6 | D:1      | Killed a felid
     7 | D:1      | Killed a human
     8 | D:1      | Killed a demigod
     9 | D:1      | Killed a formicid
    10 | D:1      | Killed a felid
    10 | D:1      | Killed a demonspawn
    12 | D:1      | Killed a merfolk
    12 | D:1      | Killed a merfolk
    12 | D:1      | Killed an ogre
    13 | D:1      | Killed a naga
    13 | D:1      | Killed a vampire
    14 | D:1      | Killed a palentonga
    14 | D:1      | Killed a troll
    15 | D:1      | Killed a human
   244 | D:1      | Reached XP level 2. HP: 24/24 MP: 2/2
   746 | D:1      | Reached XP level 3. HP: 29/30 MP: 3/3
  1431 | D:2      | Reached XP level 4. HP: 28/37 MP: 4/4
  1643 | D:2      | Reached skill level 4 in Long Blades
  1893 | D:3      | Found Nirphaadi's Magic Scroll Shop.
  1968 | D:3      | Found a faded altar of an unknown god.
  2083 | D:3      | Found Kaimpimn's Distillery.
  2083 | D:3      | You fall into a shaft and drop 2 floors!
  2083 | D:5      | Entered Level 5 of the Dungeon
  2083 | D:5      | Noticed a lemure
  2083 | D:5      | Noticed a lemure
  2103 | D:5      | Killed a lemure
  2160 | D:5      | Noticed Pikel
  2161 | D:5      | Noticed a lemure
  2162 | D:5      | Killed from afar by Pikel

Illustrated notes

Levels and vault maps discovered:
D:1:      nicolae_arrival_kraken_aquarium_b, layout_basic
D:2:      layout_rooms
D:3:      layout_basic, okawaru_trees_1,
          dreamdust_ecumenical_altar_hidden_monk_grotto, serial_shops,
          shop_fountains, nicolae_shop_crystal, shop, nicolae_shop_stone,
          nicolae_shop_stone
D:5:      kb_forest_paths, layout_rooms, tgw_trog, ebering_ghost_sewer_f,
          minmay_misc_feat_secret_circle, uniq_pikel, uniq_ijyb

Skill      XL: |  1  2  3  4 |
---------------+-------------+-----
Dodging        | 3 |  3.3
Throwing       | 2 |  2.0
Long Blades    | 4 |  4.1
Fighting       | |  2.9
Polearms       | |  0.1
Stealth        | |  0.8

Action                   |  1- 3 |  4- 6 || total
-------------------------+-------+-------++-------
Melee: Long sword        |    78 |    17 ||    95
       Tailslap          |     9 |     4 ||    13
       Trident           |       |    29 ||    29
  Use: Potion            |     1 |     1 ||     2
       Scroll            |       |     2 ||     2
 Stab: Sleeping          |     1 |     1 ||     2
Armor: Skin              |    25 |    18 ||    43
Dodge: Dodged            |    51 |    25 ||    76
       Rpst.: Long sword |    13 |     3 ||    16
